 Dungeon Crawl Stone Soup version 0.30.1 (webtiles) character file.

Game seed: 14804388640925341376

1116 SNESPrime the Chopper (level 8, -2/61 HPs)
             Began as a Demonspawn Chaos Knight on July 11, 2023.
             Was a Plaything of Xom.
             Slain by a wyvern (11 damage)
             ... on level 7 of the Dungeon.
             The game lasted 00:14:08 (2721 turns).

SNESPrime the Chopper (Demonspawn Chaos Knight)     Turns: 2721, Time: 00:14:08

Health: -2/61      AC: 12    Str: 14    XL:     8   Next: 12%
Magic:  8/8        EV: 16    Int: 16    God:    Xom [..*...]
Gold:   189        SH:  0    Dex: 13    Spells: 7/7 levels left

rFire   . . .        a - +5 hand axe (chaos)
rCold   . . .        (no shield)
rNeg    . . .        o - +2 ring mail of the Ward {Will+ Slay+2 SInv}
rPois   .            l - +2 helmet
rElec   .            k - +0 cloak
rCorr   .            (no gloves)
SInv    +            (boots unavailable)
Will    +....        f - amulet of the acrobat
Stlth   +            i - ring of see invisible
HPRegen 0.30/turn    d - +5 ring of evasion
MPRegen 0.11/turn

%: acrobat
@: brilliant
A: hooves 3, foul stench 1, big brain 1
a: Renounce Religion


You were on level 7 of the Dungeon.
You worshipped Xom.
You were a toy of Xom.
You visited 1 branch of the dungeon, and saw 7 of its levels.

You collected 189 gold pieces.

Inventory:

Hand Weapons
 a - a +5 hand axe of chaos (weapon)
Armour
 k - a +0 cloak (worn)
 l - a +2 helmet (worn)
 o - the +2 ring mail of the Ward (worn) {Will+ Slay+2 SInv}
   (You found it on level 4 of the Dungeon)

   Slay:      It affects your accuracy & damage with ranged weapons and melee
   (+2).
   SInv:      It lets you see invisible.
   Will:      It increases your willpower.
Jewellery
 d - a +5 ring of evasion (right hand)
 f - an amulet of the acrobat (around neck)
 i - a ring of see invisible (left hand)
 p - a ring of wizardry
Scrolls
 e - a scroll of blinking
 g - 2 scrolls of brand weapon
 j - a scroll of enchant armour {unknown}
 m - a scroll of immolation {unknown}
 n - 2 scrolls of fog
Potions
 b - a potion of cancellation
 h - 2 potions of curing
 q - a potion of flight
Miscellaneous
 c - a piece from Xom's chessboard (15/15) (quivered)


   Skills:
 + Level 4.9 Fighting
 + Level 6.5 Axes
 + Level 3.3 Armour
 + Level 3.4 Dodging
 + Level 2.5 Stealth
 + Level 0.2 Evocations


You had 7 spell levels left.
You didn't know any spells.
Your spell library contained the following spells:

 Spells                   Type           Power      Damage    Failure   Level
 Necrotise                Necr           0%         1d4       45%         1
 Ozocubu's Armour         Ice            0%         N/A       83%         3
 Vampiric Draining        Necr           0%         2d6       83%         3
 Agony                    Necr           0%         N/A       100%        5
 Metabolic Englaciation   Hex/Ice        0%         N/A       100%        5
 Simulacrum               Ice/Necr       0%         N/A       100%        6


Dungeon Overview and Level Annotations

Branches:
Dungeon (7/15)             Temple (0/1) D:6

Altars:
Ru
Yredelemnul

Shops:
D:1 :**


Innate Abilities, Weirdness & Mutations

You have hooves in place of feet.
You may rarely emit foul miasma when damaged in melee.
You have an unusually large brain. (Int +2)


Message History

You barely miss the orc warrior.
The orc warrior hits you but does no damage.
The jelly barely misses you.
You hit the jelly.
Your hands burn!
The jelly is severely wounded.
You barely miss the orc warrior.
The orc warrior hits you with a +0 hand axe.
* * * LOW HITPOINT WARNING * * *
A jelly comes into view.
The jelly misses you.
You hit the jelly.
The jelly goes berserk!
Your hands burn!
* * * LOW HITPOINT WARNING * * *
You kick the jelly!
The jelly is almost dead.
You hit the orc warrior. You freeze the orc warrior.
The orc warrior hits you but does no damage.
The jelly hits you but does no damage.
You hit the jelly.
You kill the jelly!
You barely miss the orc warrior. The orc warrior closely misses you.
A troll comes into view.
You have reached level 8!
You feel clever.
The troll shouts! "See what I see, my child!"
You detect items!
You hear a croak.
The orc warrior completely misses you.
You hit the orc warrior but do no damage.
Your kick misses the orc warrior. Your punch misses the orc warrior.
The orc warrior is almost dead.
The orc warrior hits you with a +0 hand axe.
* * * LOW HITPOINT WARNING * * *
You closely miss the orc warrior. You kick the orc warrior.
You kill the orc warrior!
You hit the wyvern. You kick the wyvern.
The wyvern is moderately wounded.
The wyvern barely misses you. The wyvern bites you!
You die...
Xom is highly amused!

#.#.###.#.#
#.#.#.....#
#.#.#.###.#
#.#.......#∆
∆
#.#.#######
#.........#
∆ ∆
#####.#####
#.§##§.#
#..##§@# #.
#§l# #
.§##Jo #..


cT# ..## ##.# #.. .# ## #∆ ∆ You could see a troll, a wyvern, a centaur and a
jelly.

Vanquished Creatures
  A yak (D:5)
  Sigmund (D:4)
  An orc warrior (D:7)
  A centaur (D:7)
  A scorpion (D:6)
  A water moccasin zombie (D:4)
  A howler monkey (D:6)
  2 orc priests
  A jelly (D:7)
  A bullfrog zombie (D:4)
  A gnoll bouda (D:5)
  2 hounds
  An iguana (D:6)
  2 hound zombies (D:4)
  5 gnolls (D:5)
  8 adders
  A white imp (D:3)
  A worm (D:2)
  2 dart slugs (D:1)
  15 orcs
  6 endoplasms
  2 giant cockroaches
  6 goblins
  5 hobgoblins
  3 jackals (D:4)
  A quokka (D:4)
  10 ball pythons
  3 bats
  3 frilled lizards
  4 kobolds
  2 rats
94 creatures vanquished.

Vanquished Creatures (others)
  A hobgoblin zombie (D:3)
1 creature vanquished.

Grand Total: 95 creatures vanquished

Notes
Turn   | Place    | Note
-------+----------+-------------------------------------------
     0 | D:1      | SNESPrime the Demonspawn Chaos Knight began the quest for
                  | the Orb.
     0 | D:1      | Reached XP level 1. HP: 18/18 MP: 1/1
   182 | D:1      | Found Iguqar's Book Shoppe.
   207 | D:1      | XOM: divination: detect creatures
   233 | D:1      | Found Cykk's Assorted Antiques.
   239 | D:1      | Gained mutation: You have large cloven feet. [demonic
                  | ancestry]
   239 | D:1      | Reached XP level 2. HP: 16/24 MP: 2/2
   247 | D:1      | Reached skill level 3 in Axes
   308 | D:1      | Found Hadoeng's General Store.
   334 | D:1      | XOM: silly message
   475 | D:1      | Gained mutation: You have an unusually large brain. (Int
                  | +2) [demonic ancestry]
   475 | D:1      | Reached XP level 3. HP: 26/29 MP: 3/3
   535 | D:1      | Reached skill level 1 in Dodging
   821 | D:2      | XOM: silly message
  1138 | D:3      | Gained mutation: You may rarely emit foul miasma when
                  | damaged in melee. [demonic ancestry]
  1138 | D:3      | Reached XP level 4. HP: 14/35 MP: 4/4
  1332 | D:3      | XOM: 4-stop teleportation journey
  1390 | D:3      | Reached skill level 4 in Axes
  1390 | D:3      | Gained mutation: You have hoof-like feet. [demonic
                  | ancestry]
  1390 | D:3      | Reached XP level 5. HP: 28/42 MP: 5/5
  1461 | D:4      | Reached skill level 1 in Stealth
  1492 | D:4      | Found a basalt altar of Yredelemnul.
  1515 | D:4      | Reached XP level 6. HP: 38/48 MP: 6/6
  1546 | D:4      | Identified the +2 ring mail of the Ward {Will+ Slay+2 SInv}
  1659 | D:4      | Noticed Sigmund
  1667 | D:4      | Killed Sigmund
  1668 | D:4      | Reached skill level 5 in Axes
  1794 | D:4      | XOM: silly message
  1841 | D:4      | XOM: divination: detect items
  1977 | D:5      | Entered Level 5 of the Dungeon
  1980 | D:5      | XOM: silly message
  1986 | D:5      | XOM: butterfly on damage
  1991 | D:5      | Gained mutation: You have hooves in place of feet. [demonic
                  | ancestry]
  1991 | D:5      | Reached XP level 7. HP: 44/54 MP: 7/7
  2014 | D:5      | Noticed a yak
  2015 | D:5      | Found a sacrificial altar of Ru.
  2015 | D:5      | XOM: potion effect (haste)
  2025 | D:5      | Killed a yak
  2062 | D:5      | XOM: silly message
  2097 | D:5      | XOM: silly message
  2178 | D:5      | XOM: potion effect (invisibility)
  2242 | D:6      | XOM: noise
  2252 | D:6      | XOM: silly message
  2286 | D:6      | Reached skill level 6 in Axes
  2444 | D:6      | Found a staircase to the Ecumenical Temple.
  2589 | D:6      | XOM: divination: magic mapping
  2706 | D:7      | Noticed a wyvern
  2713 | D:7      | XOM: potion effect (brilliance)
  2713 | D:7      | XOM: smoke on damage
  2717 | D:7      | Noticed a troll
  2718 | D:7      | Reached XP level 8. HP: 14/61 MP: 8/8
  2718 | D:7      | XOM: divination: detect items
  2721 | D:7      | Slain by a wyvern

Illustrated notes

Levels and vault maps discovered:
D:1:      dpeg_arrival_signposts, layout_loops_ring, serial_shops, shop,
          nicolae_shop_tiny_statue_garden, shop
D:2:      layout_basic
D:3:      layout_loops_ring
D:4:      layout_layer_cave, gammafunk_temple_overflow_pools,
          nicolae_yredelemnul_corpse_copse, ebering_ghost_sewer_d, uniq_sigmund
D:5:      layout_gridville, hangedman_feature_mirror, nicolae_stop_n_shop_2
D:6:      layout_gridville, temple_fountains
D:7:      layout_rooms, minmay_the_grid_2x2 [minmay_the_grid_holed_spiral,
          minmay_the_grid_minigrid_medium, minmay_the_grid_pillar_ring,
          minmay_the_grid_prize_trominoes], uniq_joseph

Skill      XL: |  1  2  3  4  5  6  7 |
---------------+----------------------+-----
Axes           | 3 4 5 6 |  6.5
Armour         | 2 3 |  3.3
Dodging        | 1 2 3 |  3.4
Stealth        | 1 2 |  2.5
Fighting       | 4 |  4.9
Evocations     | |  0.2

Action                     |  1- 3 |  4- 6 |  7- 9 || total
---------------------------+-------+-------+-------++-------
  Melee: Hand axe          |    81 |   108 |    49 ||   238
         Kick              |    17 |    32 |    17 ||    66
         Punch             |       |     2 |     1 ||     3
  Evoke: Piece from Xom's  |       |     1 |       ||     1
    Use: Scroll            |     3 |     9 |     2 ||    14
         Potion            |       |     3 |       ||     3
   Stab: Paralysed         |     1 |     1 |     1 ||     3
         Sleeping          |     1 |       |       ||     1
         Petrified         |       |     3 |       ||     3
         Invisible         |       |       |     3 ||     3
 Armour: Leather armour    |    49 |    53 |       ||   102
         Ring mail         |       |     8 |    15 ||    23
  Dodge: Dodged            |    61 |    99 |    84 ||   244
